 Dungeon Crawl Stone Soup version 0.29.0-4-gdea44cf6ec (webtiles) character file.

Game seed: 3778767429240487544

220 qw the Chopper (level 5, 0/34 HPs)
             Began as a Gargoyle Berserker on Sept 6, 2022.
             Was a Follower of Trog.
             Slain by an orc wizard
             ... wielding a +0 dagger
              (1 damage)
             ... on level 3 of the Dungeon.
             The game lasted 00:00:41 (3007 turns).

qw the Chopper (Gargoyle Berserker)                 Turns: 3007, Time: 00:00:41

Health: 0/34       AC: 10    Str: 22    XL:     5   Next: 97%
Magic:  5/5        EV: 15    Int:  8    God:    Trog [*.....]
Gold:   115        SH:  0    Dex:  9    Spells: 4/4 levels left

rFire   . . .      SeeInvis .   Y - +0 hand axe
rCold   . . .      Faith    .   (no shield)
rNeg    + + .      Spirit   .   b - +0 ring mail {rN+}
rPois   inf        Reflect  .   c - +0 helmet
rElec   +          Harm     .   (no cloak)
rCorr   .          Rampage  .   (no gloves)
Will    .....                   (no boots)
Stlth   ..........              (no amulet)
HPRegen 0.11/turn               h - +4 ring of evasion
MPRegen 0.09/turn               (no ring)

@: on berserk cooldown
A: sickness immunity, AC +4, negative energy resistance 1, electricity
resistance, torment resistance 1, petrification resistance
a: Renounce Religion, Berserk


You were on level 3 of the Dungeon.
You worshipped Trog.
Trog was aware of your devotion.
You visited 1 branch of the dungeon, and saw 3 of its levels.

You collected 115 gold pieces.


Innate Abilities, Weirdness & Mutations

You are immune to sickness and miasma.
Your stone body is resilient. (AC +4)
You are immune to poison.
You resist negative energy. (rN+)
You are resistant to electric shocks. (rElec)
You are resistant to unholy torment.
You are immune to petrification.


   Skills:
 - Level 4.8 Fighting
 + Level 5.1 Axes
 - Level 2.1 Armour
 - Level 1.5 Dodging


You had 4 spell levels left.
You didn't know any spells.
Your spell library was empty.

Inventory:

Hand Weapons
 i - a +0 club
 Y - a +0 hand axe (weapon)
Armour
 b - a +0 ring mail of positive energy (worn)
 c - a +0 helmet (worn)
Jewellery
 h - a +4 ring of evasion (left hand)
Scrolls
 g - a scroll of identify
Potions
 a - a potion of degeneration {unknown}
 e - a potion of resistance {unknown}
 f - a potion of heal wounds {unknown}
 j - a potion of mutation {unknown}

Dungeon Overview and Level Annotations

Branches:
Dungeon (3/15)

Altars:
Cheibriados


Message History

You kill the orc!
Trog accepts your kill.
The orc priest miscasts a cantrip.
The orc priest mumbles some strange prayers to Beogh against you.
Beogh smites you! The orc priest barely misses you.
A hobgoblin comes into view.
You hit the orc priest but do no damage.
You barely miss the orc wizard. The orc wizard closely misses you.
The orc priest hits you with a +0 club. The orc priest barely misses you.
The orc priest closely misses you. The orc wizard casts a spell at you.
The puff of flame hits you but does no damage.
The orc priest calls down the wrath of Beogh upon you.
Pain shoots through your body!
You barely miss the orc priest.
You hit the orc wizard but do no damage.
The orc wizard barely misses you. The orc priest hits you with a +0 club.
The orc priest hits you but does no damage.
You hit the orc priest.
The orc priest is moderately wounded.
You hit the orc wizard but do no damage.
You feel yourself speed up.
The orc wizard casts a spell.
The orc wizard flickers and vanishes!
Deactivating autopickup; reactivate with Ctrl-A.
The orc priest hits you but does no damage.
The orc priest barely misses you.
The orc priest hits you but does no damage.
Something hits you but does no damage. The orc priest closely misses you.
You closely miss the orc priest.
The orc priest is moderately wounded.
You miss something. Something hits you but does no damage.
The orc priest closely misses you.
The orc priest calls down the wrath of Beogh upon you.
Beogh smites you!
You hit the orc priest but do no damage.
The orc priest is moderately wounded.
You hit something. Something hits you.
You die...

###..).....##
##............
#..#.#........
#......<).....
#....####..... ###....#
#.#... #....#.####.##..
...######........##.##..
......o@%........##>##..
.......{.........#..#.(#
#....og##........#....##
.......#...........####
...........#######.#
........##.# #.#
...##### #.. #.# ...
#### #.# #.#


You could see 2 orc priests and a hobgoblin.

Vanquished Creatures
  A black bear (D:3)
  Jessica (D:2)
  Natasha (twice) (D:2)
  An adder (D:2)
  2 worms (D:2)
  A dart slug (D:1)
  3 orcs (D:3)
  4 ball pythons
  3 endoplasms
  4 goblins
  A jackal (D:1)
  2 quokkas (D:2)
  2 bats (D:2)
  6 kobolds
  A rat (D:2)
34 creatures vanquished.

Notes
Turn   | Place    | Note
-------+----------+-------------------------------------------
     0 | D:1      | qw the Gargoyle Berserker began the quest for the Orb.
     0 | D:1      | Reached XP level 1. HP: 14/14 MP: 1/1
     0 | D:1      | 0 ||| qw: Version: 0.1-a-107-g9ff403c
     0 | D:1      | 0 ||| qw: Game counter: 6139
     0 | D:1      | 0 ||| qw: Always use a shield: true
     0 | D:1      | 0 ||| qw: Do Orc after D:15 true
     0 | D:1      | 0 ||| qw: Do second Lair branch before Depths: true
     0 | D:1      | 0 ||| qw: Lair rune preference: random
     0 | D:1      | 0 ||| qw: Plans: Normal
     0 | D:1      | 0 ||| PLANNING D:1-11
   200 | D:1      | 200 ||| Stepping ~*~*~tactically~*~*~ (hiding).
   302 | D:1      | 302 ||| Stepping ~*~*~tactically~*~*~ (hiding).
   308 | D:1      | Reached skill level 3 in Axes
   466 | D:1      | 466 ||| Stepping ~*~*~tactically~*~*~ (stealth).
   511 | D:1      | 511 ||| Stepping ~*~*~tactically~*~*~ (stealth).
   517 | D:1      | 517 ||| Stepping ~*~*~tactically~*~*~ (stealth).
   520 | D:1      | 520 ||| Stepping ~*~*~tactically~*~*~ (stealth).
   532 | D:1      | Reached XP level 2. HP: 15/19 MP: 2/2
   841 | D:1      | Noticed a floating eye
   843 | D:1      | Found a faded altar of an unknown god.
   847 | D:1      | Noticed an eye of devastation
   847 | D:1      | Noticed a floating eye
   847 | D:1      | Noticed an eye of devastation
  1344 | D:1      | 1344 ||| UPGRADING to +0 steam dragon scales.
  1354 | D:1      | 1354 ||| DROPPING +0 animal skin.
  1355 | D:1      | 1355 ||| READING scroll labelled GUEKOA BEOTAU.
  1356 | D:1      | 1356 ||| READING 3 scrolls labelled BYSIPR BUSHAOL.
  1357 | D:1      | 1357 ||| READING scroll labelled XIPEON INKIKE.
  1358 | D:1      | 1358 ||| READING 2 scrolls of identify.
  1358 | D:1      | 1358 ||| IDENTIFYING pink potion
  1359 | D:1      | 1359 ||| DROPPING potion of flight.
  1421 | D:2      | Found a snail-covered altar of Cheibriados.
  1443 | D:2      | 1443 ||| INVOKING Berserk.
  1670 | D:2      | 1670 ||| INVOKING Berserk.
  1677 | D:2      | Reached XP level 3. HP: 23/23 MP: 3/3
  1901 | D:2      | Noticed Natasha
  1903 | D:2      | 1903 ||| FLEEEEING.
  1904 | D:2      | 1904 ||| FLEEEEING.
  1905 | D:2      | 1905 ||| FLEEEEING.
  1906 | D:2      | 1906 ||| FLEEEEING.
  1912 | D:2      | 1912 ||| INVOKING Berserk.
  1919 | D:2      | Killed Natasha
  1920 | D:2      | Reached skill level 4 in Axes
  1920 | D:2      | Reached XP level 4. HP: 12/28 MP: 4/4
  2214 | D:2      | Noticed Jessica
  2220 | D:2      | Killed Jessica
  2607 | D:2      | Noticed Natasha
  2612 | D:2      | 2612 ||| INVOKING Berserk.
  2617 | D:2      | Killed Natasha
  2618 | D:2      | Reached skill level 5 in Axes
  2618 | D:2      | Reached XP level 5. HP: 21/32 MP: 5/5
  2883 | D:2      | 2883 ||| UPGRADING to +0 ring mail of positive energy.
  2893 | D:2      | 2893 ||| UPGRADING to +0 helmet.
  2898 | D:2      | 2898 ||| DROPPING +0 steam dragon scales.
  2899 | D:2      | 2899 ||| UPGRADING to +4 ring of evasion.
  2900 | D:2      | 2900 ||| READING scroll labelled ZUFANI VE EHYHELL.
  2970 | D:3      | Noticed a black bear
  2972 | D:3      | 2972 ||| Stepping ~*~*~tactically~*~*~ (stealth).
  2975 | D:3      | 2975 ||| INVOKING Berserk.
  2981 | D:3      | Killed a black bear
  2988 | D:3      | 2988 ||| Stepping ~*~*~tactically~*~*~ (stealth).
  2995 | D:3      | 2995 ||| Stepping ~*~*~tactically~*~*~ (stealth).
  2996 | D:3      | 2996 ||| FLEEEEING.
  3006 | D:3      | HP: 1/34 [orc priest/divine providence (10)]
  3007 | D:3      | Slain by an orc wizard

Levels and vault maps discovered:
D:1:      dpeg_arrival_brainrot, layout_loops_ring,
          hellmonk_ecumenical_altar_watching_god, ebering_dispersal_statue_hall
D:2:      layout_basic, basic_altar, uniq_jessica, uniq_natasha
D:3:      layout_rooms, gammafunk_ghost_icy, serial_glass, glass_columns_a,
          glass_columns_c

Skill      XL: |  1  2  3  4  5 |
---------------+----------------+-----
Axes           | 3 4 5 |  5.1
Fighting       | 4 |  4.8
Armour         | |  2.1
Dodging        | |  1.5

Action                   |  1- 3 |  4- 6 || total
-------------------------+-------+-------++-------
Melee: Hand axe          |    60 |    50 ||   110
       Punch             |     1 |       ||     1
Invok: Berserk           |     3 |     2 ||     5
  Use: Scroll            |     4 |     1 ||     5
Armor: Animal skin       |     8 |       ||     8
       Steam dragon scal |    10 |     6 ||    16
       Ring mail         |       |    14 ||    14
Dodge: Dodged            |    21 |    38 ||    59

Table legend:
 A = Non-vault XP
 B = Vault XP
 C = Vault XP percentage of total XP
 D = Non-vault monster count
 E = Vault monster count
 F = Vault count percentage of total count
                 A         B        C        D         E       F
            +---------+---------+-------+---------+---------+-------
      Total |     241 |      74 |  23.5 |      31 |       3 |   8.8
            +---------+---------+-------+---------+---------+-------
        D:1 |      16 |       2 |  11.1 |       8 |       1 |  11.1
        D:2 |      80 |      72 |  47.4 |      17 |       2 |  10.5
        D:3 |     145 |       0 |   0.0 |       6 |       0 |   0.0
            +---------+---------+-------+---------+---------+-------
